 Dungeon Crawl Stone Soup version 0.23-a0-141-g456867d (webtiles) character file.

64475 MothsLongingForFire the Warrior (level 15, -2/144 HPs)
             Began as a Hill Orc Abyssal Knight on Aug 31, 2018.
             Was the Champion of Lugonu.
             Killed from afar by an ogre mage (30 damage)
             ... with a bolt of cold
             ... on level 15 of the Dungeon.
             The game lasted 01:01:41 (28615 turns).

MothsLongingForFire the Warrior (HOAK)             Turns: 28615, Time: 01:01:42

Health: -2/144     AC: 31    Str: 22    XL:     15   Next: 13%
Magic:  22/22      EV: 11    Int: 14    God:    Lugonu [******]
Gold:   1839       SH:  4    Dex: 10    Spells: 14/14 levels left

rFire    . . .     SeeInvis .   b - +0 blowgun {@w1}
rCold    . . .     Gourm    +   S - +0 buckler
rNeg     . . .     Faith    .   Q - +6 chain mail "Nesuhir" {Int+2}
rPois    .         Spirit   .   d - +1 helmet
rElec    .         Reflect  .   s - +0 cloak
rCorr    .         Harm     .   w - +0 pair of gloves
MR       ++...                  j - +0 pair of boots
Stlth    ..........             H - amulet of the gourmand
HPRegen  0.34/turn              O - +5 ring of protection
MPRegen  0.18/turn              M - ring of protection from magic

@: drained
A: no striking features
a: Depart the Abyss, Bend Space, Banish, Corrupt, Enter the Abyss, Brand Weapon
With Distortion, Renounce Religion


You were on level 15 of the Dungeon.
You worshipped Lugonu.
Lugonu was exalted by your worship.
You were not hungry.

You visited 4 branches of the dungeon, and saw 24 of its levels.
You visited the Abyss 1 time.

You collected 1931 gold pieces.
You spent 92 gold pieces at shops.


   Skills:
 - Level 16.2(15.0) Fighting
 - Level 16.0(14.8) Axes
 - Level 14.8(13.7) Armour
 - Level 7.0(6.0) Dodging
 + Level 5.4(4.5) Shields
 - Level 10.0(9.0) Invocations


You had 14 spell levels left.
You didn't know any spells.
Your spell library contained the following spells:

 Spells                   Type           Power        Failure   Level  Hunger
 Confusing Touch          Hex            #.....       82%         1    ##.....
 Flame Tongue             Conj/Fire      #....        82%         1    ##.....
 Magic Dart               Conj           #...         82%         1    ##.....
 Blink                    Tloc           N/A          91%         2    ###....
 Call Imp                 Summ           #.......     91%         2    ###....
 Slow                     Hex            #.......     91%         2    ###....
 Throw Flame              Conj/Fire      #.....       91%         2    ###....
 Confuse                  Hex            #.......     99%         3    ####...
 Conjure Flame            Conj/Fire      #.......     99%         3    ####...
 Gell's Gravitas          Tloc           #.........   99%         3    ####...
 Inner Flame              Hex/Fire       #.......     99%         3    ####...
 Mephitic Cloud           Conj/Pois/Air  #.......     99%         3    ####...
 Petrify                  Tmut/Erth      #.......     100%        4    #####..
 Sticky Flame             Conj/Fire      #.......     100%        4    #####..
 Fireball                 Conj/Fire      #.........   100%        5    ######.
 Metabolic Englaciation   Hex/Ice        #.........   100%        5    ######.
 Yara's Violent Unravell  Hex/Tmut       #.........   100%        5    ######.

Inventory:

Hand Weapons
 a - a +2 war axe of flaming
 b - a +0 blowgun (weapon) {@w1}
Missiles
 c - 3 needles of confusion
 x - 39 poisoned needles (quivered)
 D - 17 tomahawks
 J - a throwing net {=f}
Armour
 d - a +1 helmet (worn)
 j - a +0 pair of boots (worn)
 s - a +0 cloak (worn)
 w - a +0 pair of gloves (worn)
 y - a +0 shield
 Q - the +6 chain mail "Nesuhir" (worn) {Int+2}
   (You found it on level 7 of the Dungeon)

   It affects your intelligence (+2).
 S - a +0 buckler (worn)
Jewellery
 C - an uncursed ring of protection from cold
 F - an uncursed ring of protection from fire
 H - an amulet of the gourmand (around neck)
 M - a ring of protection from magic (right hand)
 O - a +5 ring of protection (left hand)
Wands
 u - a wand of iceblast (4)
 I - a wand of acid (5)
 U - a wand of paralysis (6)
 W - a wand of digging (19)
Scrolls
 e - a scroll of noise {unknown}
 i - 9 scrolls of remove curse {@r2}
 k - 7 scrolls of teleportation {@r4}
 l - 2 scrolls of blinking
 m - a scroll of random uselessness {unknown}
 n - 7 scrolls of enchant armour
 p - a scroll of fog
 t - 2 scrolls of immolation {!r}
 E - a scroll of identify {@r1}
 N - a scroll of silence {!r}
 P - a scroll of summoning {unknown}
 T - a scroll of fear
 V - 4 scrolls of enchant weapon
 X - 5 scrolls of magic mapping
Potions
 f - 5 potions of lignification {!q}
 g - 2 potions of berserk rage {!q}
 h - 3 potions of resistance
 q - a potion of flight {unknown}
 r - a potion of mutation {!q}
 v - 5 potions of curing {@q1}
 z - 2 potions of haste {@q3}
 A - 4 potions of ambrosia
 B - 3 potions of magic {unknown}
 G - 2 potions of agility {unknown}
 K - 3 potions of might
 R - a potion of degeneration {unknown}
 Y - a potion of invisibility {unknown}
Comestibles
 L - 33 rations {@e1}

Dungeon Overview and Level Annotations

Branches:
Dungeon (15/15)            Temple (1/1) D:4            Lair (6/6) D:11
  Swamp (0/4) Lair:4        Snake (0/4) Lair:3        Slime (0/5) Lair:5
    Orc (2/2) D:10         Depths (0/5) D:15
    Elf: Orc:2       Vaults: D:13-14

Altars:
Ashenzari
Cheibriados
Dithmenos
Elyvilon
Fedhas
Gozag
Hepliaklqana
Kikubaaqudgha
Makhleb
Nemelex Xobeh
Okawaru
Qazlal
Ru
Sif Muna
Trog
Uskayaw
Vehumet
Wu Jian
Xom
Yredelemnul
Zin
The Shining One

Shops:
D:6 *=   D:11 }   D:14 (

Annotations:
D:7 2 transporters, Menkaure
D:13 Frances
D:15 2 runed doors, Treefire's ghost, adept DEFE
Lair:2 exclusion: 3 oklob plants
Lair:3 3 runed doors, Vohil's ghost, journeyman MiFi
Lair:4 1 runed door, Xoff's ghost, journeyman MiFi
Orc:2 Sonja

.................###........#
......O..........# #....#...#
#................# #....#...#
#................# #....#...#
#...........O....# #....#...#
#...............(# #....#...#
#...............O# #........#
.................###........#
.................@.....##...#
,......................##...#
**######...###.........##...#
#...# #.........##...#
#...###.........##...#
########...............##...#
............................#
............................#
#############################


You could see a two-headed ogre and an ogre mage.


Message History

Aiming: Paralyse
Press: ? - help, Shift-Dir - straight line, f - ogre mage, p - two-headed ogre
Aim: an ogre mage, wielding a flail and wearing a robe (chance to defeat MR: The ogre mage resists with almost no effort.
Evoke which item? (* to show all) (? for menu, Esc to quit)
Aiming: Paralyse
Press: ? - help, Shift-Dir - straight line, f - two-headed ogre, p - ogre mage
Aim: a two-headed ogre, wielding a giant spiked club and a giant club (chance The two-headed ogre easily resists.
Evoke which item? (* to show all) (? for menu, Esc to quit)
Aiming: Paralyse
Press: ? - help, Shift-Dir - straight line, f/p - two-headed ogre
Aim: a two-headed ogre, wielding a giant spiked club and a giant club (chance The two-headed ogre easily resists.
The ogre mage casts a spell at you. The bolt of fire hits you!
* * * LOW HITPOINT WARNING * * *
Evoke which item? (* to show all) (? for menu, Esc to quit)
Aiming: Paralyse
Press: ? - help, Shift-Dir - straight line, f/p - two-headed ogre
Aim: a two-headed ogre, wielding a giant spiked club and a giant club (chance
Okay, then.
Unknown command.
Unknown command.
Use which ability? (? or * to list) Space bends sharply around you!
You blink.
You see here 18 stones.
The ogre mage gestures at you while chanting.
The bolt of cold hits you!
You die...

Skill      XL: |  1  2  3  4  5  6  7  8  9 10 11 12 13 14 15 |
---------------+----------------------------------------------+-----
Axes           | 3 4 6 7 9 10 12 14 16 | 16.0
Invocations    | 4 5 6 10 | 10.0
Fighting       | 5 7 11 13 15 16 | 16.2
Armour         | 4 6 9 12 14 | 14.8
Shields        | 2 4 5 |  5.4
Dodging        | 1 6 7 |  7.0

Action                   |  1- 3 |  4- 6 |  7- 9 | 10-12 | 13-15 || total
-------------------------+-------+-------+-------+-------+-------++-------
Melee: Hand axe          |   127 |   156 |   198 |       |       ||   481
       War axe           |       |       |   245 |   762 |  1063 ||  2070
 Fire: Blowgun           |       |    22 |    23 |    44 |    51 ||   140
Throw: Stone             |       |       |       |     2 |       ||     2
       Tomahawk          |       |       |       |       |    22 ||    22
Invok: Depart the Abyss  |     1 |       |       |       |       ||     1
       Bend Space        |       |     8 |    16 |    26 |    50 ||   100
Evoke: Wand              |     2 |       |    15 |     1 |    38 ||    56
  Use: Scroll            |       |     4 |     6 |    10 |     4 ||    24
       Potion            |       |     1 |     1 |       |     2 ||     4
 Stab: Paralysed         |       |       |     2 |       |    29 ||    31
       Confused          |       |       |       |     1 |       ||     1
  Eat: Chunk             |     4 |     6 |    27 |    28 |    30 ||    95
       Ration            |       |     1 |     1 |       |     4 ||     6
Armor: Leather armour    |    21 |       |       |       |       ||    21
       Ring mail         |     5 |    56 |    79 |    16 |       ||   156
       Chain mail        |       |       |    73 |   306 |   776 ||  1155
Dodge: Dodged            |    73 |    84 |   133 |   334 |   628 ||  1252
Block: Buckler           |       |       |       |    87 |   208 ||   295

Vault maps used:
D:1:      doesnt_arrival_eight_statues
D:2:      chequers_temple_overflow_minitemple, uniq_crazy_yiuf_cottage
D:3:      kennysheep_doodads, kennysheep_nondescript, kennysheep_nub
D:4:      minmay_temple_entry_butterflies
D:5:      first_ration, uniq_ijyb
D:6:      fedhas_altar_decomposition, serial_shops, nicolae_shop_behind_doors,
          nicolae_shop_crystal
D:7:      kennysheep_seaside_town, gammafunk_temple_of_torment, grunt_ogre_cave,
          guppyfry_early_elven_hall
D:8:      elyvilon_altar_4, basic_altar, kennysheep_generic_room_10
D:10:     orc_0_dummy, grunt_ministairs_11, dk_noncrumbling_2
D:11:     grunt_lair_entry_orc_guard_hut, serial_shops, shop
D:12:     gammafunk_ghost_smash, nrook_pool_corridor
D:13:     uniq_frances, uniq_nessos
D:14:     erik_vaults_1, serial_bayou_pond_c, serial_shops, shop
D:15:     grunt_enter_depths_hoard, nicolae_ru_path_of_blood,
          ebering_ghost_disaster_area
Temple:   dshaligram_water_room_temple
Lair:1:   serial_bayou_shore_b
Lair:2:   disabler_island
Lair:3:   minmay_snake_entry_guardpost_medium, ebering_ghost_rock_garden,
          infiniplex_staircase_pool
Lair:4:   minmay_swamp_entry_reptiles, serial_forest,
          infiniplex_forest_straight_2, infiniplex_forest_clump_curved,
          infiniplex_forest_lined_room_2, infiniplex_forest_diagonal,
          infiniplex_forest_clump_small, infiniplex_forest_lined_2, basic_altar,
          ebering_ghost_funeral_grove
Lair:5:   dpeg_slime_entry_corner, serial_bayou_shore_b, grunt_megastairs_3,
          serial_bayou_shore_a, lemuel_fruit_fields
Lair:6:   cheibrodos_lair_end_hotspot, grunt_forest_large_clearings
Orc:1:    enter_volcano_2, uniq_snorg
Orc:2:    st_orc_open, nicolae_orc_pool_cavern, minmay_orc_temple_b, uniq_urug,
          uniq_erolcha, uniq_sonja

Notes
Turn   | Place    | Note
-------+----------+-------------------------------------------
     0 | Abyss:1  | MothsLongingForFire the Hill Orc Abyssal Knight began the
                  | quest for the Orb.
     0 | Abyss:1  | Reached XP level 1. HP: 19/19 MP: 2/2
    70 | Abyss:1  | Noticed a large abomination
    83 | Abyss:1  | HP: 1/19 [white imp/puff of frost (13)]
    84 | D:1      | You pass through the gate.
    84 | D:1      | Escaped the Abyss
   400 | D:1      | Reached skill level 3 in Axes
   546 | D:1      | Reached XP level 2. HP: 17/26 MP: 3/3
   873 | D:1      | Reached skill level 4 in Axes
   951 | D:1      | Reached * piety under Lugonu
  1133 | D:1      | Reached XP level 3. HP: 27/31 MP: 4/4
  1403 | D:2      | Reached skill level 5 in Axes
  1828 | D:2      | Found a runed door.
  2149 | D:2      | Found a radiant altar of Vehumet.
  2149 | D:2      | Found a bloodstained altar of Trog.
  2154 | D:2      | Found a sparkling altar of Nemelex Xobeh.
  2156 | D:2      | Found a shimmering altar of Xom.
  2157 | D:2      | Found a shadowy altar of Dithmenos.
  2323 | D:2      | Noticed Crazy Yiuf
  2338 | D:2      | Killed Crazy Yiuf
  2338 | D:2      | Reached skill level 6 in Axes
  2338 | D:2      | Reached XP level 4. HP: 16/39 MP: 5/5
  2753 | D:2      | Reached XP level 5. HP: 20/45 MP: 6/6
  3373 | D:3      | Reached skill level 7 in Axes
  3875 | D:3      | Reached ** piety under Lugonu
  4064 | D:4      | Reached XP level 6. HP: 28/51 MP: 8/8
  4095 | D:3      | HP: 5/51 [poisoned by a scorpion]
  4095 | D:3      | Reached skill level 8 in Axes
  4095 | D:3      | Reached skill level 3 in Invocations
  4103 | D:3      | HP: 4/51 [poisoned by a scorpion]
  4970 | D:4      | Found a staircase to the Ecumenical Temple.
  4979 | Temple   | Entered the Ecumenical Temple
  5235 | D:5      | Entered Level 5 of the Dungeon
  5263 | D:4      | Reached skill level 9 in Axes
  5263 | D:4      | Reached skill level 4 in Invocations
  5263 | D:4      | Reached XP level 7. HP: 55/57 MP: 7/10
  5678 | D:4      | Reached skill level 5 in Invocations
  5736 | D:5      | Reached skill level 10 in Axes
  5824 | D:5      | Noticed Ijyb
  5843 | D:5      | Killed Ijyb
  5843 | D:5      | Reached XP level 8. HP: 64/64 MP: 12/12
  5903 | D:5      | Reached skill level 6 in Invocations
  6165 | D:5      | Reached skill level 11 in Axes
  6889 | D:5      | Reached *** piety under Lugonu
  7225 | D:5      | Reached skill level 12 in Axes
  7505 | D:6      | Reached XP level 9. HP: 67/70 MP: 14/14
  7583 | D:6      | Got a jewelled ring mail
  7594 | D:6      | Identified the cursed +1 ring mail "Ilunk" {rF+ Dex+4} (You
                  | found it on level 6 of the Dungeon)
  7614 | D:6      | Reached skill level 13 in Axes
  7801 | D:6      | Found a blossoming altar of Fedhas.
  8609 | D:6      | Found Nusedo Othrul's Assorted Antiques.
  8612 | D:6      | Bought a scroll of identify for 46 gold pieces
  8612 | D:6      | Bought a scroll of identify for 46 gold pieces
  8724 | D:6      | Found Ulatuez's Jewellery Emporium.
  8940 | D:6      | Reached skill level 4 in Fighting
  8947 | D:6      | Reached skill level 14 in Axes
  8952 | D:6      | Reached skill level 3 in Armour
  9187 | D:7      | Reached **** piety under Lugonu
  9202 | D:7      | Reached skill level 5 in Fighting
  9344 | D:7      | Reached skill level 4 in Armour
  9421 | D:7      | Reached XP level 10. HP: 75/81 MP: 15/15
 10013 | D:7      | Reached skill level 6 in Fighting
 10013 | D:7      | Reached skill level 15 in Axes
 10050 | D:7      | Found a transporter.
 10141 | D:7      | Found a transporter.
 10141 | D:7      | Found an ancient bone altar of Kikubaaqudgha.
 10145 | D:7      | Noticed Menkaure
 10151 | D:7      | Found a basalt altar of Yredelemnul.
 10166 | D:7      | Reached skill level 5 in Armour
 10402 | D:7      | Got an encrusted chain mail
 10599 | D:7      | Noticed a deep elf mage
 10604 | D:7      | Killed a deep elf mage
 10702 | D:7      | Identified the +6 chain mail "Nesuhir" {Int+2} (You found
                  | it on level 7 of the Dungeon)
 10805 | D:8      | Found a basalt altar of Yredelemnul.
 10834 | D:8      | Found a white marble altar of Elyvilon.
 10878 | D:8      | Noticed a two-headed ogre
 10965 | D:8      | Killed a two-headed ogre
 10965 | D:8      | Reached skill level 7 in Fighting
 11133 | D:8      | Reached skill level 6 in Armour
 11174 | D:8      | Reached skill level 16 in Axes
 11278 | D:8      | Reached skill level 1 in Shields
 11380 | D:8      | Reached ***** piety under Lugonu
 11902 | D:9      | Reached skill level 2 in Shields
 12054 | D:9      | Reached XP level 11. HP: 92/94 MP: 16/16
 12082 | D:9      | Reached skill level 8 in Fighting
 12086 | D:9      | Reached skill level 3 in Shields
 12091 | D:9      | Reached skill level 7 in Armour
 12195 | D:9      | Noticed a two-headed ogre
 12201 | D:9      | Killed a two-headed ogre
 12487 | D:9      | Reached skill level 4 in Shields
 12627 | D:10     | Entered Level 10 of the Dungeon
 12692 | D:10     | Reached skill level 9 in Fighting
 12813 | D:10     | Found a staircase to the Orcish Mines.
 12902 | D:10     | Reached skill level 8 in Armour
 13309 | D:11     | Reached skill level 10 in Fighting
 13462 | D:11     | Reached skill level 9 in Armour
 13480 | D:11     | Noticed a cyclops
 13499 | D:11     | Killed a cyclops
 13748 | D:11     | Found Wiofih's Gadget Emporium.
 13793 | D:11     | Found a staircase to the Lair.
 13884 | Lair:1   | Entered Level 1 of the Lair of Beasts
 14314 | Lair:1   | Reached skill level 11 in Fighting
 14381 | Lair:1   | Reached XP level 12. HP: 110/110 MP: 17/17
 14510 | Lair:1   | Reached skill level 10 in Armour
 15198 | Lair:2   | Reached skill level 12 in Fighting
 15504 | Lair:2   | Noticed a catoblepas
 15543 | Lair:2   | Killed a catoblepas
 15543 | Lair:2   | Reached skill level 11 in Armour
 16056 | Lair:3   | Found a runed gate.
 16056 | Lair:3   | Found a runed gate.
 16056 | Lair:3   | Found a runed gate.
 16327 | Lair:3   | Noticed Vohil's ghost (journeyman MiFi)
 16788 | Lair:3   | Identified a potion of resistance
 16803 | Lair:3   | Found a staircase to the Snake Pit.
 17071 | Lair:3   | Reached skill level 13 in Fighting
 17468 | Lair:4   | Reached skill level 12 in Armour
 17603 | Lair:4   | Found a staircase to the Swamp.
 17641 | Lair:3   | Reached ****** piety under Lugonu
 17641 | Lair:3   | Reached XP level 13. HP: 70/122 MP: 16/18
 17925 | Lair:4   | Found a runed door.
 18089 | Lair:4   | Found a sparkling altar of Nemelex Xobeh.
 18201 | Lair:4   | Noticed Xoff's ghost (journeyman MiFi)
 18464 | Lair:5   | Reached skill level 14 in Fighting
 18995 | Lair:5   | Reached skill level 13 in Armour
 19648 | Lair:5   | Found a staircase to the Slime Pits.
 19964 | Lair:6   | Entered Level 6 of the Lair of Beasts
 20169 | Lair:6   | Reached skill level 15 in Fighting
 20568 | Lair:6   | Reached skill level 14 in Armour
 21007 | Lair:6   | Reached skill level 1 in Dodging
 21016 | Lair:6   | Reached XP level 14. HP: 104/136 MP: 19/19
 21463 | Lair:6   | Reached skill level 2 in Dodging
 21835 | Lair:6   | Reached skill level 16 in Fighting
 22094 | Lair:6   | Reached skill level 3 in Dodging
 22283 | Lair:6   | Found a large runed door.
 22284 | Lair:6   | Found a large runed door.
 22907 | Orc:1    | Entered Level 1 of the Orcish Mines
 22928 | Orc:1    | Noticed Snorg
 23175 | D:10     | Killed Snorg
 23175 | D:10     | Reached skill level 7 in Invocations
 23420 | Orc:1    | Paralysed by an orc sorcerer for 6 turns
 23717 | Orc:1    | Reached skill level 4 in Dodging
 24029 | Orc:2    | Entered Level 2 of the Orcish Mines
 24029 | Orc:2    | Noticed Urug
 24062 | Orc:2    | Killed Urug
 24213 | Orc:2    | Noticed Sonja
 24764 | D:12     | Reached skill level 8 in Invocations
 25144 | D:12     | You fall through a shaft for 3 floors!
 25144 | D:15     | Entered Level 15 of the Dungeon
 25778 | D:15     | Reached skill level 5 in Dodging
 25879 | D:14     | Reached skill level 9 in Invocations
 26026 | D:14     | Found Cocluu's Weapon Boutique.
 26265 | D:15     | Found a large runed door.
 26265 | D:15     | Found a large runed door.
 26424 | D:15     | Noticed Treefire's ghost (adept DEFE)
 26950 | D:15     | Reached skill level 10 in Invocations
 26956 | D:15     | Reached skill level 6 in Dodging
 27483 | D:15     | Reached XP level 15. HP: 44/144 MP: 22/22
 27796 | D:15     | Found a staircase to the Depths.
 27985 | D:13     | Reached skill level 7 in Dodging
 28012 | D:13     | Noticed Frances
 28583 | D:15     | Reached skill level 5 in Shields
 28615 | D:15     | Killed from afar by an ogre mage

Vanquished Creatures
  Snorg (D:10)
  3 fire dragons
  A great orb of eyes (D:14)
  A catoblepas (Lair:2)
  5 hydras
  7 two-headed ogres
  A dancing weapon (D:14)
  2 centaur warriors (D:15)
  Urug (Orc:2)
  A lindwurm (Lair:6)
  An orc knight (Orc:1)
  A wolf spider zombie (D:12)
  An orc sorcerer (Orc:1)
  2 ugly things
  A cyclops (D:11)
  2 deep elf magi
  5 elephants (Lair:5)
  5 black mambas
  3 molten gargoyles (Lair:6)
  A torpor snail (Lair:6)
  8 spiny frogs
  A rime drake (Lair:5)
  A komodo dragon (shapeshifter) (D:15)
  10 komodo dragons
  3 meliai (D:15)
  5 trolls
  2 polar bears
  A hornet (D:15)
  17 blink frogs
  6 dream sheep
  9 hippogriffs
  A shadow (D:14)
  6 wyverns
  2 vampires
  6 basilisks
  A wraith (D:14)
  51 yaks
  2 steam dragons (Lair:6)
  8 vampire mosquitoes
  2 hungry ghosts
  A warg (Orc:1)
  An acid dragon (D:10)
  2 nagas (Lair:3)
  10 water moccasins
  3 hell hounds (Lair:6)
  A swamp drake (Lair:4)
  An ice beast (D:5)
  8 porcupines
  4 black bears
  4 necrophages (D:6)
  13 orc warriors
  3 eyes of draining
  6 sky beasts
  4 phantoms
  35 wolves
  12 centaurs
  12 ogres
  16 crocodiles
  3 big kobolds
  8 bullfrogs
  A water moccasin zombie (D:10)
  5 scorpions
  3 wights (D:12)
  18 killer bees
  3 howler monkeys
  7 crimson imps
  2 jellies
  6 hounds
  5 lava snakes (Lair:6)
  A quasit (D:12)
  Crazy Yiuf (D:2)
  2 bullfrog zombies (D:12)
  6 orc priests
  3 gnoll shamans (D:7)
  A bullfrog skeleton (D:10)
  11 orc wizards
  4 centaur skeletons
  5 iguanas
  Ijyb (D:5)
  9 worker ants
  A killer bee zombie (D:5)
  3 hound zombies
  2 howler monkey zombies
  A worker ant zombie (D:10)
  15 gnolls
  16 adders
  A shadow imp (D:7)
  2 oozes
  2 worms (D:2)
  An adder skeleton (D:4)
  3 dart slugs
  5 leopard geckos
  45 orcs
  2 ball pythons
  4 giant cockroaches (D:1)
  8 goblins
  5 hobgoblins
  9 jackals
  13 kobolds
  2 quokkas
  5 bats
  2 frilled lizards
  A jackal skeleton (D:4)
  A leopard gecko skeleton (D:7)
  A quokka zombie (D:7)
  7 rats
  2 bushes (D:6)
  4 fungi
  2 plants
593 creatures vanquished.

Vanquished Creatures (others)
  22 fungi
  24 plants
46 creatures vanquished.

Grand Total: 639 creatures vanquished

Table legend:
 A = Turns spent in this place as a percentage of turns spent in the entire game.
 B = Non-inter-level travel turns spent in this place as a percentage of non-inter-level travel turns spent in the entire game.
 C = Inter-level travel turns spent in this place as a percentage of turns spent in this place.
 D = Turns resting spent in this place as a percentage of non-inter-level travel turns spent in this place.
 E = Turns spent auto-exploring this place as a percentage of non-inter-level travel turns spent in this place.
 F = Non-inter-level travel turns spent in this place divided by the number of levels of this place that you've seen.
                   A       B       C       D       E      F
               +-------+-------+-------+-------+-------+----------------------
         Total | 100.0 | 100.0 |   3.6 |  37.8 |  39.9 | 1103.3
       Dungeon |  64.3 |  64.6 |   3.0 |  39.1 |  37.7 | 1188.7
        Temple |   0.5 |   0.4 |  17.3 |   0.0 |  99.1 | 110.0
          Lair |  31.4 |  31.1 |   4.5 |  35.2 |  44.4 | 1430.7
  Orcish Mines |   3.6 |   3.5 |   4.8 |  44.3 |  29.9 | 487.0
         Abyss |   0.3 |   0.3 |   0.0 |   0.0 |  64.3 |  84.0
               +-------+-------+-------+-------+-------+----------------------

Table legend:
 A = Non-vault XP
 B = Vault XP
 C = Vault XP percentage of total XP
 D = Non-vault monster count
 E = Vault monster count
 F = Vault count percentage of total count
                 A         B        C        D         E       F
            +---------+---------+-------+---------+---------+-------
      Total |   68836 |   23272 |  25.3 |     466 |     119 |  20.3
            +---------+---------+-------+---------+---------+-------
        D:1 |      42 |       0 |   0.0 |      21 |       0 |   0.0
        D:2 |      64 |      44 |  40.7 |      14 |       1 |   6.7
        D:3 |     218 |       0 |   0.0 |      26 |       0 |   0.0
        D:4 |     512 |       0 |   0.0 |      13 |       0 |   0.0
        D:5 |    1248 |      36 |   2.8 |      38 |       1 |   2.6
        D:6 |     820 |     557 |  40.5 |      29 |       7 |  19.4
        D:7 |     479 |    2176 |  82.0 |       9 |      28 |  75.7
        D:8 |    2318 |       3 |   0.1 |      23 |       1 |   4.2
        D:9 |    2698 |       0 |   0.0 |      19 |       0 |   0.0
       D:10 |    1990 |    1322 |  39.9 |      25 |       3 |  10.7
       D:11 |    2975 |     728 |  19.7 |      23 |       6 |  20.7
       D:12 |    2068 |       0 |   0.0 |      18 |       0 |   0.0
       D:13 |     460 |       0 |   0.0 |       3 |       0 |   0.0
       D:14 |    3204 |     904 |  22.0 |      10 |       1 |   9.1
       D:15 |   12534 |    2041 |  14.0 |      38 |       2 |   5.0
     Lair:1 |    2657 |       0 |   0.0 |      14 |       0 |   0.0
     Lair:2 |    5146 |       0 |   0.0 |      21 |       0 |   0.0
     Lair:3 |    4662 |     413 |   8.1 |      21 |       3 |  12.5
     Lair:4 |    4999 |     281 |   5.3 |      23 |       3 |  11.5
     Lair:5 |    7268 |    1474 |  16.9 |      23 |      10 |  30.3
     Lair:6 |   10236 |   12102 |  54.2 |      38 |      51 |  57.3
      Orc:1 |    2238 |     312 |  12.2 |      17 |       1 |   5.6
      Orc:2 |       0 |     879 | 100.0 |       0 |       1 | 100.0
            +---------+---------+-------+---------+---------+-------
